 Dungeon Crawl Stone Soup version 0.20.1-1-g8b1a95d (webtiles) character file.

239 ReignOfFire the Slasher (level 5, -2/41 HPs)
             Began as a Demonspawn Gladiator on July 25, 2017.
             Slain by ReignOfFire's ghost (7 damage)
             ... on level 4 of the Dungeon.
             The game lasted 00:03:36 (2651 turns).

ReignOfFire the Slasher (Demonspawn Gladiator)      Turns: 2651, Time: 00:03:37

Health: -2/41      AC:  9    Str: 15    XL:     5   Next: 79%
Magic:  5/5        EV: 13    Int:  9    God:
Gold:   157        SH:  0    Dex: 15    Spells: 4/4 levels left

rFire    . . .     SeeInvis +   a - +0 long sword
rCold    . . .     Gourm    .   (no shield)
rNeg     . . .     Faith    .   b - +0 leather armour
rPois    .         Spirit   .   (helmet restricted)
rElec    .         Reflect  .   (no cloak)
rCorr    .         Harm     .   (no gloves)
MR       .....                  (no boots)
Stlth    +.........             (no amulet)
Regen    0.2/turn               e - ring of see invisible
MPRegen  0.1/turn               (no ring)

@: sanguine armour
A: horns 1, demonic guardian 1, sanguine armour 1
a: no special abilities


You were on level 4 of the Dungeon.
You were hungry.

You visited 1 branch of the dungeon, and saw 4 of its levels.

You collected 157 gold pieces.

Inventory:

Hand Weapons
 a - a +0 long sword (weapon)
Missiles
 d - 2 throwing nets (quivered)
Armour
 b - a +0 leather armour (worn)
 c - a +0 helmet
Jewellery
 e - a ring of see invisible (left hand)
Scrolls
 g - 5 scrolls of identify {unknown}
 h - 3 scrolls of remove curse {unknown}
 i - a scroll of fear {unknown}
 j - a scroll of teleportation {unknown}
 k - a scroll of enchant weapon {unknown}
 p - 2 scrolls of enchant armour {unknown}
 r - a scroll of random uselessness {unknown}
Potions
 l - a potion of lignification {unknown}
 o - a potion of ambrosia {unknown}
 q - 2 potions of heal wounds {unknown}
 t - a potion of magic {unknown}
Comestibles
 f - 2 bread rations
 m - 3 royal jellies
 n - 2 meat rations


   Skills:
 + Level 3.3 Fighting
 + Level 4.5 Long Blades
 + Level 1.8 Throwing
 + Level 1.8 Armour
 + Level 3.2 Dodging
 + Level 0.2 Stealth


You had 4 spell levels left.
You didn't know any spells.

Dungeon Overview and Level Annotations

Branches:
Dungeon (4/15)
 Temple: D:4-7

Altars:
Cheibriados
Ru
Trog

Annotations:
D:4 ReignOfFire's ghost, amateur DsGl


Innate Abilities, Weirdness & Mutations

You have a pair of small horns on your head.
A weak demonic guardian rushes to your aid.
When seriously injured, your bleeding wounds create armour. (AC +6)


Message History

ReignOfFire's ghost hits your white imp.
Your white imp dies!
ReignOfFire's ghost turns its malevolent gaze towards you.
You slash ReignOfFire's ghost!
ReignOfFire's ghost is almost destroyed.
ReignOfFire's ghost hits you but does no damage.
You closely miss ReignOfFire's ghost.
ReignOfFire's ghost is almost destroyed.
ReignOfFire's ghost hits you.
* * * LOW HITPOINT WARNING * * *
You miss ReignOfFire's ghost.
ReignOfFire's ghost is almost destroyed.
ReignOfFire's ghost stares at you. ReignOfFire's ghost hits you.
* * * LOW HITPOINT WARNING * * *
You hit ReignOfFire's ghost but do no damage.
ReignOfFire's ghost is almost destroyed.
ReignOfFire's ghost hits you but does no damage.
ReignOfFire's ghost hits you!
You die...

..............................
..............................
.....)........................
..............................
..............................
..............................
................###+#############
............................#....
...............W@...........#....
.............###............#g...
[............# #............'....
.............# #.+####.##..####'#
........##..# #...###.##..###...
....... ##.# #...#.............
...... #.# #...#.............
#.#8#...#.............
#.......##'###...####.


You could see ReignOfFire's ghost.

Vanquished Creatures
  An ogre (D:4)
  A hound (D:4)
  An iguana (D:4)
  A worker ant (D:4)
  2 gnolls (D:4)
  2 adders (D:3)
  An ooze (D:4)
  A worm (D:3)
  2 dart slugs
  3 leopard geckos
  An orc (D:3)
  5 goblins
  4 hobgoblins
  4 kobolds
  2 quokkas
  A ball python (D:3)
  3 bats (D:3)
  3 frilled lizards
  12 rats
50 creatures vanquished.

Vanquished Creatures (collateral kills)
  A worker ant (D:4)
  2 gnolls (D:4)
3 creatures vanquished.

Grand Total: 53 creatures vanquished

Notes
Turn   | Place    | Note
-------+----------+-------------------------------------------
     0 | D:1      | ReignOfFire the Demonspawn Gladiator began the quest for the Orb.
     0 | D:1      | Reached XP level 1. HP: 16/16 MP: 1/1
   513 | D:1      | Gained mutation: A weak demonic guardian rushes to your aid. [demonic ancestry]
   513 | D:1      | Reached XP level 2. HP: 22/23 MP: 2/2
   800 | D:2      | Reached skill level 3 in Long Blades
   829 | D:2      | Found a bloodstained altar of Trog.
  1010 | D:2      | Found a sacrificial altar of Ru.
  1254 | D:3      | Gained mutation: When seriously injured, your bleeding wounds create armour. (AC +6) [demonic ancestry]
  1254 | D:3      | Reached XP level 3. HP: 21/28 MP: 3/3
  1408 | D:3      | Found a snail-covered altar of Cheibriados.
  1922 | D:3      | Reached skill level 1 in Armour
  2221 | D:4      | Reached XP level 4. HP: 29/34 MP: 4/4
  2330 | D:4      | Gained mutation: You have a pair of small horns on your head. [demonic ancestry]
  2330 | D:4      | Reached XP level 5. HP: 10/41 MP: 5/5
  2575 | D:4      | Reached skill level 4 in Long Blades
  2618 | D:4      | Noticed an ogre
  2620 | D:4      | Noticed ReignOfFire's ghost (amateur DsGl)
  2629 | D:4      | Killed an ogre
  2651 | D:4      | Slain by ReignOfFire's ghost

Skill      XL: |  1  2  3  4  5 |
---------------+----------------+-----
Long Blades    | 3 4 |  4.5
Dodging        | 3 |  3.2
Armour         | 1 |  1.8
Fighting       | 3 |  3.3
Throwing       | |  1.8
Stealth        | |  0.2

Action                   |  1- 3 |  4- 6 || total
-------------------------+-------+-------++-------
Melee: Long sword        |    99 |    55 ||   154
       Headbutt          |       |     7 ||     7
Throw: Throwing net      |       |     1 ||     1
  Eat: Chunk             |     4 |     1 ||     5
Armor: Leather armour    |    31 |    12 ||    43
Dodge: Dodged            |    69 |    41 ||   110
       Rpst.: Long sword |    22 |    15 ||    37
